 Dungeon Crawl Stone Soup version 0.28.0-1-gb440e238dd (webtiles) character file.

Game seed: 17134993726130385120

226 horus123 the Bolt Thrower (level 5, 0/50 HPs)
             Began as a Deep Dwarf Hunter on Feb 20, 2022.
             Slain by a gnoll (2 damage)
             ... on level 3 of the Dungeon.
             The game lasted 00:05:13 (3606 turns).

horus123 the Bolt Thrower (Deep Dwarf Hunter)       Turns: 3606, Time: 00:05:13

Health: 0/50       AC:  4    Str: 16    XL:     5   Next: 69%
Magic:  5/5        EV: 12    Int: 11    God:
Gold:   91         SH:  0    Dex: 15    Spells: 4/4 levels left

rFire   . . .      SeeInvis .   e - +3 spear
rCold   . . .      Faith    .   (no shield)
rNeg    . . .      Spirit   .   c - +1 leather armour
rPois   .          Reflect  .   (no helmet)
rElec   .          Harm     .   (no cloak)
rCorr   .          Rampage  .   (no gloves)
Will    .....                   (no boots)
Stlth   ++........              (no amulet)
HPRegen 0.00/turn               (no ring)
MPRegen 0.09/turn               (no ring)

@: no status effects
A: damage resistance, heal wounds, sense surroundings 1, no regeneration
a: Heal Wounds


You were on level 3 of the Dungeon.
You visited 1 branch of the dungeon, and saw 4 of its levels.

You collected 91 gold pieces.

Inventory:

Hand Weapons
 a - a +1 hand crossbow
 b - a +0 short sword
 e - a +3 spear (weapon)
Missiles
 d - 34 bolts
 j - 52 sling bullets
Armour
 c - a +1 leather armour (worn)
 g - a +0 plate armour
Scrolls
 h - a scroll of vulnerability
Potions
 f - a potion of degeneration
 k - a potion of curing {unknown}
 l - a potion of magic {unknown}


   Skills:
 - Level 4.2 Fighting
 + Level 2.5 Polearms
 - Level 5.0 Crossbows
 - Level 2.1 Dodging
 - Level 1.2 Stealth


You had 4 spell levels left.
You didn't know any spells.
Your spell library was empty.

Dungeon Overview and Level Annotations

Branches:
Dungeon (4/15)
 Temple: D:4-7

Altars:
Ashenzari


Innate Abilities, Weirdness & Mutations

You are resistant to damage.
You can heal yourself by infusing magical energy.
You passively map a small area around you.
You do not regenerate.


Message History

The orc wizard points at you and mumbles some strange words.
The puff of flame hits you! The gnoll closely misses you.
You closely miss the orc wizard.
The orc wizard is moderately wounded.
The orc wizard barely misses you. The gnoll hits you with a +0 whip.
You closely miss the orc wizard.
The orc wizard is moderately wounded.
The orc wizard hits you but does no damage.
The gnoll hits you but does no damage.
You hit the orc wizard but do no damage.
The orc wizard is moderately wounded.
The orc wizard closely misses you. The gnoll barely misses you.
You hit the orc wizard.
The orc wizard is heavily wounded.
The orc wizard closely misses you. The gnoll hits you with a +0 whip.
You closely miss the orc wizard.
The orc wizard is heavily wounded.
The orc wizard barely misses you.
You hit the orc wizard.
The orc wizard is severely wounded.
The gnoll hits you but does no damage. The orc wizard completely misses you.
You hit the orc wizard but do no damage.
The orc wizard is severely wounded.
The gnoll closely misses you.
The orc wizard hits you but does no damage.
You closely miss the orc wizard.
The orc wizard is severely wounded.
The gnoll hits you with a +0 whip. The orc wizard casts a spell at you.
The puff of flame hits you!
* * * LOW HITPOINT WARNING * * *
You hit the orc wizard.
You kill the orc wizard!
The gnoll hits you with a +0 whip.
* * * LOW HITPOINT WARNING * * *
The gnoll hits you with a +0 whip!
* * * LOW HITPOINT WARNING * * *
Items here: ))) [ ÷÷ †.
The gnoll hits you with a +0 whip.
You die...

...##...####.#.# #.#.# #.#.#
...##...# #.#.# #.#.# #.#.#
...##...####.#.####.#.#####.#.#
#####...##..........#...#...#.#
# #####......########.#.###.# #
#......# #.#.# #.# # #......#
#.#.# #.# # #......########.#.#
#.# ## ##.##.>g@[....#.#.# #.#
.# #.##########.#.#.# #.# .#
#.# #...#.#.# #.# .#
#.########.###.#.# #.# .#
#.#..........#.#.# #.# .#
#.#.######.#.#.#.# #.# ##
#.#.#....#.#.#.#.# #.#
#.#.#.##.#.#.#.#.# #.#
#.#.#.<#.#.#.#.#.# #.#


You could see a gnoll.

Vanquished Creatures
  2 orc priests (D:3)
  An orc wizard (D:3)
  2 adders
  5 gnolls
  A worm (D:2)
  2 dart slugs (D:2)
  7 orcs (D:3)
  7 ball pythons
  4 bats
  4 endoplasms
  3 giant cockroaches
  3 goblins
  5 hobgoblins
  2 quokkas
  4 frilled lizards
  6 kobolds
  6 rats
64 creatures vanquished.

Notes
Turn   | Place    | Note
-------+----------+-------------------------------------------
     0 | D:1      | horus123 the Deep Dwarf Hunter began the quest for the Orb.
     0 | D:1      | Reached XP level 1. HP: 19/19 MP: 1/1
   365 | D:1      | Reached XP level 2. HP: 19/26 MP: 2/2
   625 | D:1      | Reached skill level 5 in Crossbows
  1189 | D:2      | Reached XP level 3. HP: 19/33 MP: 3/3
  1590 | D:2      | Reached XP level 4. HP: 24/42 MP: 4/4
  2337 | D:3      | Found a broken altar of Ashenzari.
  2954 | D:3      | Reached XP level 5. HP: 50/50 MP: 5/5
  3230 | D:3      | Reached skill level 1 in Polearms
  3605 | D:3      | HP: 2/50 [gnoll (6)]
  3606 | D:3      | Slain by a gnoll

Illustrated notes

Levels and vault maps discovered:
D:1:      ebering_trefoil_twist, layout_loops_corners, st_stairs_3
D:2:      layout_loops_ring, minmay_door_square, minmay_misc_feat_plants,
          minmay_tromino_v7
D:3:      layout_basic, evilmike_ruin_ashenzari, grunt_decor_cap,
          minmay_misc_feat_diagonals
D:4:      layout_gridville, enter_ossuary_5, moated_statue,
          amcnicky_mini_pool_small, grunt_ministairs_13,
          kennysheep_generic_room_11

Skill      XL: |  1  2  3  4  5 |
---------------+----------------+-----
Crossbows      | 5 |  5.0
Fighting       | 2 3 4 |  4.2
Polearms       | 2 |  2.5
Dodging        | |  2.1
Stealth        | |  1.2

Action                   |  1- 3 |  4- 6 || total
-------------------------+-------+-------++-------
Melee: Short sword       |    32 |       ||    32
       Spear             |    16 |   133 ||   149
       Punch             |       |     1 ||     1
 Fire: Hand crossbow     |    45 |       ||    45
 Abil: Heal Wounds       |     1 |     4 ||     5
  Use: Scroll            |     2 |     4 ||     6
 Stab: Sleeping          |       |     4 ||     4
Armor: Leather armour    |    19 |    34 ||    53
Dodge: Dodged            |    34 |    81 ||   115
